 Dungeon Crawl Stone Soup version 0.28.0-53-g5a82cb258f (webtiles) character file.

Game seed: 11325012570106189926

8435 Martska the Fighter (level 11, -1/99 HPs)
             Began as a Minotaur Fighter on June 26, 2022.
             Was a Believer of the Shining One.
             Slain by a two-headed ogre
             ... wielding a +0 giant club
              (25 damage)
             ... on level 11 of the Dungeon.
             The game lasted 00:19:21 (10694 turns).

Martska the Fighter (Minotaur Fighter)             Turns: 10694, Time: 00:19:22

Health: -1/99      AC: 11    Str: 30    XL:     11   Next: 9%
Magic:  14/14      EV: 12    Int:  5    God:    the Shining One [**....]
Gold:   670        SH:  5    Dex: 11    Spells: 10/10 levels left

rFire   . . .      SeeInvis .   a - +1 war axe
rCold   . . .      Faith    .   c - +0 buckler
rNeg    + . .      Spirit   .   b - +0 scale mail
rPois   .          Reflect  .   (helmet restricted)
rElec   .          Harm     .   F - +1 cloak {Stlth+}
rCorr   .          Rampage  .   (no gloves)
Will    .....                   x - +0 pair of boots
Stlth   +.........              (no amulet)
HPRegen 0.26/turn               s - +6 ring of strength
MPRegen 0.14/turn               (no ring)

@: glowing
A: horns 2, retaliatory headbutt
a: Renounce Religion, Divine Shield


You were on level 11 of the Dungeon.
You worshipped the Shining One.
The Shining One was pleased with you.
You visited 2 branches of the dungeon, and saw 12 of its levels.

You collected 670 gold pieces.

Inventory:

Hand Weapons
 a - a +1 war axe (weapon)
 B - a +1 vorpal flail
 C - the +14 obsidian axe {vorpal, Mesm Drain Fly SInv}
   (You found it on level 10 of the Dungeon)

   It inflicts extra damage upon your enemies.
   It occasionally summons demons to assist the wielder when it strikes in
   combat.
   Its wielder is mesmerised by any visible foes.
   It cannot be unequipped while any foes are visible.
   SInv:      It lets you see invisible.
   Fly:       It grants you flight.
   Drain:     It drains your maximum health when unequipped.
   The Shining One disapproves of the use of such an item.
Armour
 b - a +0 scale mail (worn)
 c - a +0 buckler (worn)
 x - a +0 pair of boots (worn)
 F - a +1 cloak of stealth (worn)
Jewellery
 f - an amulet of faith
 m - a ring of fire
 n - a ring of fire
 s - a +6 ring of strength (left hand)
 y - a ring of protection from fire
Wands
 d - a wand of flame (2)
 i - a wand of iceblast (12)
 k - a wand of paralysis (4)
 o - a wand of polymorph (12)
 w - a wand of acid (4)
 E - a wand of charming (5)
Scrolls
 e - a scroll of torment
 g - 2 scrolls of enchant weapon
 q - 2 scrolls of fear
 t - 2 scrolls of fog
 u - 4 scrolls of teleportation
 z - a scroll of magic mapping {unknown}
Potions
 h - 2 potions of resistance
 j - a potion of haste {unknown}
 l - a potion of magic {unknown}
 p - a potion of heal wounds
 r - 2 potions of degeneration
 v - a potion of curing {unknown}
 A - a potion of ambrosia {unknown}


   Skills:
 * Level 10.1 Fighting
 * Level 9.8 Axes
 + Level 7.9 Armour
 + Level 7.6 Dodging
 + Level 7.9 Shields
 * Level 5.9 Invocations
 * Level 3.9 Evocations


You had 10 spell levels left.
You didn't know any spells.
Your spell library contained the following spells:

 Spells                   Type           Power      Damage    Failure   Level
 Animate Skeleton         Necr           0%         N/A       77%         1
 Apportation              Tloc           0%         N/A       77%         1
 Pain                     Necr           0%         1d4       77%         1
 Sandblast                Erth           0%         2d4       77%         1
 Slow                     Hex            0%         N/A       77%         1
 Summon Small Mammal      Summ           0%         N/A       77%         1
 Passwall                 Tmut/Erth      0%         N/A       88%         2
 Static Discharge         Conj/Air       0%         N/A       88%         2
 Confusing Touch          Hex            0%         N/A       98%         3
 Portal Projectile        Hex/Tloc       0%         N/A       98%         3
 Stone Arrow              Conj/Erth      0%         3d7       98%         3
 Vampiric Draining        Necr           0%         2d6       98%         3
 Dispel Undead            Necr           0%         3d6       100%        4
 Iskenderun's Mystic Bla  Conj/Tloc      0%         2d3       100%        4
 Sticky Flame             Conj/Fire      0%         2d3       100%        4
 Blade Hands              Tmut           0%         N/A       100%        5
 Excruciating Wounds      Necr           0%         N/A       100%        5
 Malign Gateway           Summ/Tloc      0%         N/A       100%        7
 Ignition                 Fire           0%         3d3       100%        8


Dungeon Overview and Level Annotations

Branches:
Dungeon (11/15)            Temple (1/1) D:6            Lair (0/6) D:9
    Orc (0/2) D:11

Altars:
Ashenzari
Cheibriados
Dithmenos
Elyvilon
Fedhas
Gozag
Kikubaaqudgha
Nemelex Xobeh
Okawaru
Qazlal
Ru
Trog
Uskayaw
Vehumet
Wu Jian
Xom
Yredelemnul
Zin
The Shining One

Portals:
Abyss: D:10

Annotations:
D:10 2 transporters, Gabide's ghost, journeyman DgVM


Innate Abilities, Weirdness & Mutations

You have a pair of horns on your head.
You reflexively headbutt those who attack you in melee.


Message History

You block the centaur warrior zombie's attack. x2
You slash the centaur warrior zombie!
You headbutt the centaur warrior zombie.
The centaur warrior zombie is severely damaged.
The centaur warrior zombie hits you.
The centaur warrior zombie kicks you but does no damage.
The centaur warrior zombie barely misses you.
You furiously retaliate!
You headbutt the centaur warrior zombie!
The centaur warrior zombie barely misses you.
You slash the centaur warrior zombie!
You destroy the centaur warrior zombie!
The Shining One accepts your kill.
No target in view!
You start putting on your armour.
You continue putting on your +1 cloak of stealth. x4
The two-headed ogre shouts in stereo!
You finish putting on your +1 cloak of stealth.
You feel stealthy.
As you read the scroll of identify, it crumbles to dust.
p - a potion of heal wounds A two-headed ogre is nearby!
A two-headed ogre is nearby!
You barely miss the two-headed ogre. You headbutt the two-headed ogre.
The two-headed ogre is lightly wounded.
The two-headed ogre hits you with a +0 giant club!!
The two-headed ogre barely misses you.
You hit the two-headed ogre but do no damage.
You headbutt the two-headed ogre, but do no damage.
The two-headed ogre is lightly wounded.
The two-headed ogre hits you with a +0 giant club!
* * * LOW HITPOINT WARNING * * *
The two-headed ogre barely misses you.
You slash the two-headed ogre! You headbutt the two-headed ogre!
The two-headed ogre is moderately wounded.
You slash the two-headed ogre!
The two-headed ogre is heavily wounded.
The two-headed ogre barely misses you.
The two-headed ogre hits you with a +0 giant club!!
You die...

..................o.
...........>...........
.......................
.........).)...........
#.......................
#.........).........##..
..........))......##.. .
##..O....).)##.......
...##..@.....?.##.......
.................)......
............)...........
...######.).............
.. #.......))...... .
#...............
#........(...###
#).......†...#
#............#


You could see a two-headed ogre.

Vanquished Creatures
  A two-headed ogre (D:9)
  Maurice (D:11)
  An elephant (D:9)
  A centaur zombie (D:11)
  2 trolls
  A hornet (D:9)
  2 wyverns
  2 wraiths
  A shadow (D:10)
  A vampire (D:10)
  10 yaks
  A basilisk (D:9)
  A human (D:11)
  4 vampire mosquitoes (D:10)
  A steam dragon (D:8)
  Menkaure (D:4)
  A water moccasin (D:7)
  2 ice beasts (D:7)
  3 orc warriors
  A sky beast (D:5)
  3 black bears
  A necrophage (D:6)
  An ogre (D:6)
  A centaur (D:7)
  A phantom (D:6)
  2 kobold brigands
  4 bullfrogs
  A scorpion (D:5)
  2 water moccasin skeletons
  4 killer bees (D:9)
  3 howler monkeys (D:10)
  3 bullfrog zombies
  A human zombie (D:4)
  2 jellies
  5 orc priests
  2 bullfrog skeletons
  A scorpion zombie (D:5)
  An iguana (D:7)
  4 orc wizards
  Ijyb (D:3)
  A killer bee zombie (D:7)
  3 howler monkey skeletons
  4 gnolls (D:8)
  6 adders
  2 ufetubi
  3 worms
  A dart slug (D:3)
  29 orcs
  5 endoplasms
  2 giant cockroaches
  5 goblins
  A hobgoblin (D:4)
  7 jackals (D:4)
  3 quokkas
  6 ball pythons
  6 bats
  A frilled lizard (D:1)
  15 kobolds
  24 rats
205 creatures vanquished.

Vanquished Creatures (others)
  A fungus (D:9)
  4 plants (D:10)
5 creatures vanquished.

Grand Total: 210 creatures vanquished

Notes
Turn   | Place    | Note
-------+----------+-------------------------------------------
     0 | D:1      | Martska the Minotaur Fighter began the quest for the Orb.
     0 | D:1      | Reached XP level 1. HP: 19/19 MP: 0/0
   265 | D:1      | You fall into a shaft and drop 1 floor!
   360 | D:2      | Reached XP level 2. HP: 19/27 MP: 1/1
   581 | D:2      | Reached skill level 1 in Dodging
   827 | D:2      | Reached skill level 4 in Fighting
   827 | D:2      | Reached XP level 3. HP: 32/33 MP: 2/2
  1157 | D:3      | Found a hide-covered altar of Uskayaw.
  1176 | D:3      | Found a faded altar of an unknown god.
  1361 | D:3      | Reached XP level 4. HP: 25/41 MP: 3/3
  1577 | D:3      | Found a stormy altar of Qazlal.
  1780 | D:3      | Found a bloodstained altar of Trog.
  1826 | D:3      | Noticed Ijyb
  1832 | D:3      | Paralysed by Ijyb for 5 turns
  1837 | D:3      | Killed Ijyb
  1838 | D:3      | Reached XP level 5. HP: 40/47 MP: 4/4
  2168 | D:4      | Noticed Menkaure
  2180 | D:4      | Killed Menkaure
  2181 | D:4      | Reached XP level 6. HP: 7/55 MP: 5/5
  2562 | D:4      | Reached skill level 5 in Fighting
  2928 | D:4      | Got the Compendium of the Warped Blaze
  3006 | D:4      | Reached skill level 5 in Shields
  3033 | D:4      | Found a runed translucent door.
  3033 | D:4      | Noticed a human
  3043 | D:4      | Reached skill level 5 in Armour
  3090 | D:4      | Found a basalt altar of Yredelemnul.
  3435 | D:5      | Entered Level 5 of the Dungeon
  3647 | D:5      | Reached XP level 7. HP: 19/61 MP: 6/6
  4174 | D:5      | Reached skill level 5 in Axes
  4646 | D:6      | Found a white marble altar of Elyvilon.
  4655 | D:6      | Reached skill level 6 in Fighting
  4852 | D:6      | Reached XP level 8. HP: 71/71 MP: 7/7
  4866 | D:6      | Found a staircase to the Ecumenical Temple.
  4938 | Temple   | Entered the Ecumenical Temple
  5111 | Temple   | Became a worshipper of the Shining One
  5481 | D:6      | Reached skill level 5 in Dodging
  5579 | D:7      | Reached skill level 7 in Fighting
  5629 | D:7      | Reached skill level 1 in Invocations
  5870 | D:7      | Noticed a troll
  5875 | D:7      | Killed a troll
  6337 | D:7      | Reached XP level 9. HP: 78/79 MP: 9/9
  6379 | D:7      | Reached * piety under the Shining One
  7290 | D:8      | Reached skill level 8 in Fighting
  7577 | D:8      | Found an opulent altar of Gozag.
  7786 | D:8      | Found a broken altar of Ashenzari.
  7974 | D:9      | Found a staircase to the Lair.
  7974 | D:9      | Noticed an elephant
  8213 | D:9      | Killed an elephant
  8214 | D:9      | Reached skill level 1 in Evocations
  8558 | D:9      | Noticed a two-headed ogre
  8568 | D:9      | Killed a two-headed ogre
  8569 | D:9      | Reached XP level 10. HP: 45/90 MP: 12/12
  8585 | D:9      | Reached skill level 9 in Fighting
  9215 | D:10     | Entered Level 10 of the Dungeon
  9292 | D:10     | Found a transporter.
  9299 | D:10     | Noticed a rust devil
  9365 | D:10     | Found the +14 obsidian axe {vorpal, Mesm Drain Fly SInv}
  9396 | D:10     | Reached ** piety under the Shining One
  9398 | D:10     | Reached skill level 5 in Invocations
  9627 | D:10     | Found a shimmering altar of Xom.
  9628 | D:10     | Found a shimmering altar of Xom.
  9628 | D:10     | Found a shimmering altar of Xom.
  9629 | D:10     | Found a shimmering altar of Xom.
  9631 | D:10     | Found a shimmering altar of Xom.
  9686 | D:10     | Found a transporter.
  9686 | D:10     | Noticed a wizard
  9708 | D:10     | Found a shimmering altar of Xom.
  9710 | D:10     | Found a shimmering altar of Xom.
  9948 | D:10     | Noticed a rakshasa
  9972 | D:10     | Noticed a thrashing horror
  9983 | D:10     | Noticed a toenail golem
 10011 | D:10     | Found a one-way gate to the infinite horrors of the Abyss.
 10022 | D:10     | Noticed Gabide's ghost (journeyman DgVM)
 10053 | D:10     | Found a blossoming altar of Fedhas.
 10398 | D:10     | Noticed a toenail golem
 10539 | D:11     | Found a staircase to the Orcish Mines.
 10551 | D:11     | Reached XP level 11. HP: 34/99 MP: 14/14
 10571 | D:11     | Noticed Maurice
 10583 | D:11     | Killed Maurice
 10584 | D:11     | Reached skill level 10 in Fighting
 10686 | D:11     | Noticed a two-headed ogre
 10694 | D:11     | Slain by a two-headed ogre

Illustrated notes

Levels and vault maps discovered:
D:1:      mainiacjoe_arrival_reflecting_pool, layout_basic,
          serial_co_window_serial, co_window_paths_a,
          co_window_of_opportunity_a, co_window_paths_a, co_window_paths_a,
          co_window_paths_b, co_window_corner_b, co_window_corner_ca,
          co_window_of_opportunity_b, co_window_corner_ca, co_window_broadway_b,
          glass_columns_c
D:2:      layout_loops_cross
D:3:      layout_loops_ring, nicolae_uskayaw_dance_hall,
          nicolae_qazlal_scattered_showers, trog_three_pillars_becter,
          chequers_ecumenical_altar_simple, kennysheep_another_room, uniq_ijyb
D:4:      layout_layer_cave, dk_yredelemnul_ordeal, minmay_rat_hole,
          uniq_menkaure
D:5:      layout_gridville, grunt_ministairs_9
D:6:      layout_gridville, elyvilon_altar_5, temple_fountains, grunt_tough_drop
D:7:      layout_gridville, corexii_corridor_pit,
          hangedman_abyss_or_decor_stagger
D:8:      layout_basic, nicolae_ashenzari_skybound,
          lemuel_coloured_pillars_altar, serial_park_tiny_1
D:9:      layout_big_octagon, mainiacjoe_overflow_catwalk, david_lair_generic,
          gammafunk_ghost_icy
D:10:     layout_irregular_city, fedhas_ov_isle_minmay, xom_redecorated,
          gammafunk_ghost_abyssal_escape, dreamdust_deal_with_the_devil,
          minmay_misc_feat_x
D:11:     layout_irregular_city, erik_orc_4, uniq_maurice
Temple:   minmay_temple_forest_path

Skill      XL: |  1  2  3  4  5  6  7  8  9 10 11 |
---------------+----------------------------------+-----
Dodging        | 1 2 3 4 5 7 |  7.6
Armour         | 4 5 6 7 |  7.9
Fighting       | 4 5 6 7 8 9 10 | 10.1
Shields        | 4 5 6 7 |  7.9
Axes           | 3 4 5 7 8 9 |  9.8
Invocations    | 2 4 5 |  5.9
Evocations     | 1 3 |  3.9

Action                   |  1- 3 |  4- 6 |  7- 9 | 10-12 || total
-------------------------+-------+-------+-------+-------++-------
Melee: War axe           |    81 |    96 |   169 |   126 ||   472
       Headbutt          |    12 |    21 |    40 |    37 ||   110
Evoke: Wand              |       |       |     7 |       ||     7
  Use: Potion            |       |     1 |       |       ||     1
       Scroll            |       |       |     9 |     1 ||    10
Armor: Scale mail        |    43 |    40 |    67 |    59 ||   209
Dodge: Dodged            |    36 |    50 |    98 |    93 ||   277
Block: Buckler           |    17 |    27 |    55 |    32 ||   131
